 Dungeon Crawl Stone Soup version 0.29-a0-817-g9904bce7a6 (webtiles) character file.

Game seed: 8070121634599240301

231 gobodom the Chopper (level 5, -3/47 HPs)
             Began as a Minotaur Fighter on July 5, 2022.
             Was a Follower of Qazlal.
             Slain by Edmund
             ... wielding a +2 vorpal flail
              (4 damage)
             ... on level 4 of the Dungeon.
             The game lasted 00:05:23 (2394 turns).

gobodom the Chopper (Minotaur Fighter)              Turns: 2394, Time: 00:05:24

Health: -3/47      AC:  7    Str: 21    XL:     5   Next: 73%
Magic:  4/4        EV:  9    Int:  5    God:    Qazlal [*.....]
Gold:   182        SH:  6    Dex: 11    Spells: 4/4 levels left

rFire   . . .      SeeInvis .   a - +0 war axe
rCold   . . .      Faith    .   c - +0 buckler
rNeg    . . .      Spirit   .   b - +0 scale mail
rPois   .          Reflect  .   (helmet restricted)
rElec   .          Harm     .   (no cloak)
rCorr   .          Rampage  .   (no gloves)
Will    .....                   (no boots)
Stlth   ..........              (no amulet)
HPRegen 0.15/turn               (no ring)
MPRegen 0.09/turn               (no ring)

@: no status effects
A: horns 2, retaliatory headbutt
a: Renounce Religion


You were on level 4 of the Dungeon.
You worshipped Qazlal.
Qazlal was aware of your devotion.
You visited 1 branch of the dungeon, and saw 4 of its levels.

You collected 182 gold pieces.

Inventory:

Hand Weapons
 a - a +0 war axe (weapon)
Missiles
 f - 19 poisoned darts (quivered)
Armour
 b - a +0 scale mail (worn)
 c - a +0 buckler (worn)
 j - a +0 ring mail
Scrolls
 e - a scroll of magic mapping {unknown}
 g - a scroll of enchant armour {unknown}
 h - a scroll of identify {unknown}
 i - 2 scrolls of amnesia {unknown}
 n - 3 scrolls of teleportation {unknown}
 o - a scroll of vulnerability {unknown}
 p - a scroll of immolation {unknown}
Potions
 d - a potion of might
 k - a potion of degeneration {unknown}
 l - a potion of lignification {unknown}
 m - 3 potions of brilliance {unknown}


   Skills:
 + Level 4.7 Fighting
 + Level 5.0 Axes
 + Level 4.9 Armour
 + Level 1.2 Dodging
 + Level 0.2 Stealth
 + Level 4.2 Shields


You had 4 spell levels left.
You didn't know any spells.
Your spell library contained the following spells:

 Spells                   Type           Power      Damage    Failure   Level
 Static Discharge         Conj/Air       0%         3-3/arc   95%         2
 Ignite Poison            Fire/Tmut/Pois 0%         N/A       99%         3
 Mephitic Cloud           Conj/Pois/Air  0%         N/A       99%         3
 Freezing Cloud           Conj/Ice/Air   0%         6-21      100%        5
 Lightning Bolt           Conj/Air       0%         1d11      100%        5
 Maxwell's Capacitive Co  Air            0%         ∞         100%        8


Dungeon Overview and Level Annotations

Branches:
Dungeon (4/15)
 Temple: D:4-7

Altars:
Elyvilon
Qazlal

Annotations:
D:4 Edmund


Innate Abilities, Weirdness & Mutations

You have a pair of horns on your head.
You reflexively headbutt those who attack you in melee.


Message History

You slash the rat!
You kill the rat!
Qazlal accepts your kill.
You see here a rat corpse.
You now have 169 gold pieces (gained 4).
You now have 182 gold pieces (gained 13).
Done exploring.
Done exploring.
Done exploring.
There is a stone staircase leading down here.
You climb downwards.
Found a scroll labelled YREAGR TASU.
Found a stone staircase leading up.
There is a stone staircase leading up here.
n - 3 scrolls labelled YREAGR TASU (gained 1) Edmund the Younger comes into view.
He is wielding a +2 vorpal flail and carrying a wand of digging (6).
Edmund hits you with a +2 vorpal flail!
You hit Edmund but do no damage. You block Edmund's attack.
You hit Edmund but do no damage. Edmund hits you with a +2 vorpal flail!
You hit Edmund.
Edmund is lightly wounded.
Edmund hits you with a +2 vorpal flail!
* * * LOW HITPOINT WARNING * * *
x2 Edmund hits you with a +2 vorpal flail.
* * * LOW HITPOINT WARNING * * *
x2 You hit Edmund but do no damage.
You block Edmund's attack.
You slash Edmund! You headbutt Edmund, but do no damage.
Edmund is moderately wounded.
You block Edmund's attack.
You closely miss Edmund.
Edmund is moderately wounded.
You block Edmund's attack.
You closely miss Edmund.
Edmund is moderately wounded.
Edmund hits you with a +2 vorpal flail.
* * * LOW HITPOINT WARNING * * *
x2 Edmund barely misses you.
You hit Edmund.
Edmund is moderately wounded.
Edmund hits you with a +2 vorpal flail.
You die...

#.# #.......###
#.#####...#....
#.##......####.
#.##.######
#.......#
####.##.#
#.##.# #.##.#
#.##@# #.##@#
#.##.# ...#.#
... #.. #..
#...


You could see Edmund.

Vanquished Creatures
  A phantom (D:3)
  2 hounds
  Natasha (D:2)
  2 adders (D:3)
  An orc (D:3)
  5 ball pythons
  3 endoplasms
  2 giant cockroaches
  8 goblins
  4 hobgoblins
  5 jackals
  5 kobolds
  3 quokkas
  6 bats
  5 frilled lizards
  3 rats
56 creatures vanquished.

Notes
Turn   | Place    | Note
-------+----------+-------------------------------------------
     0 | D:1      | gobodom the Minotaur Fighter began the quest for the Orb.
     0 | D:1      | Reached XP level 1. HP: 19/19 MP: 0/0
    76 | D:1      | You fall into a shaft and drop 1 floor!
   151 | D:2      | Reached XP level 2. HP: 27/27 MP: 1/1
   278 | D:2      | Found a stormy altar of Qazlal.
   297 | D:2      | Became a worshipper of Qazlal Stormbringer
   475 | D:2      | Reached skill level 3 in Axes
   475 | D:2      | Reached XP level 3. HP: 32/34 MP: 2/2
   829 | D:1      | Reached XP level 4. HP: 41/41 MP: 3/3
  1256 | D:2      | Found a faded altar of an unknown god.
  1264 | D:2      | Noticed Natasha
  1270 | D:2      | Killed Natasha
  1270 | D:2      | Reached * piety under Qazlal
  1806 | D:3      | Reached skill level 4 in Axes
  1806 | D:3      | Reached skill level 1 in Dodging
  1870 | D:3      | Found a white marble altar of Elyvilon.
  1885 | D:3      | Reached XP level 5. HP: 42/47 MP: 4/4
  2145 | D:3      | Noticed a phantom
  2150 | D:3      | Killed a phantom
  2201 | D:3      | Reached skill level 5 in Axes
  2383 | D:4      | Noticed Edmund
  2393 | D:4      | HP: 2/47 [Edmund/+2 vorpal flail (6)]
  2394 | D:4      | Slain by Edmund

Illustrated notes

Levels and vault maps discovered:
D:1:      shiori_shiawase, layout_basic
D:2:      layout_loops_cross, basic_altar, dreamdust_ecumenical_altar_statues,
          uniq_natasha
D:3:      layout_basic, mainiacjoe_overflow_cross_hatched, st_stairs_9
D:4:      layout_loops_ring, chequers_temple_overflow_statue_of_worship,
          minmay_temple_entry_proselytizer, minmay_misc_feat_chi,
          minmay_misc_feat_alley, patterned_corridor, uniq_duvessa, uniq_edmund

Skill      XL: |  1  2  3  4  5 |
---------------+----------------+-----
Fighting       | 4 |  4.7
Axes           | 3 4 5 |  5.0
Armour         | 4 |  4.9
Shields        | 4 |  4.2
Dodging        | 1 |  1.2
Stealth        | |  0.2

Action                   |  1- 3 |  4- 6 || total
-------------------------+-------+-------++-------
Melee: War axe           |    68 |    55 ||   123
       Headbutt          |     9 |     7 ||    16
Armor: Scale mail        |    42 |    24 ||    66
Dodge: Dodged            |    46 |    23 ||    69
Block: Buckler           |    16 |    23 ||    39

Table legend: (Time is in decaauts)
 A = Elapsed time spent in this place.
 B = Non-inter-level travel time spent in this place.
 C = Inter-level travel time spent in this place.
 D = Time resting spent in this place.
 E = Time spent auto-exploring this place.
 F = Levels seen in this place.
 G = Mean time per level.
                   A        B        C        D        E       F      G
               +--------+--------+--------+--------+--------+-----+--------+
         Total |   2436 |   2111 |    325 |      0 |   1637 |   4 |  609.0 |
       Dungeon |   2436 |   2111 |    325 |      0 |   1637 |   4 |  609.0 |
               +--------+--------+--------+--------+--------+-----+--------+

Top non-repeatable levels by time:
     D:2: 1035 daAuts
     D:1: 726 daAuts
     D:3: 639 daAuts
     D:4: 34 daAuts
